 Dungeon Crawl Stone Soup version 0.27.1-4-g1640c2035a (webtiles) character file.

Game seed: 11395259948705040897

55 zeram the Caller (level 3, -1/24 HPs)
             Began as a Merfolk Summoner on Nov 11, 2021.
             Slain by an orc (7 damage)
             ... on level 3 of the Dungeon.
             The game lasted 00:04:09 (2911 turns).

zeram the Caller (Merfolk Summoner)                 Turns: 2911, Time: 00:04:10

Health: -1/24      AC:  2    Str:  8    XL:     3   Next: 93%
Magic:  6/6        EV: 13    Int: 15    God:
Gold:   65         SH:  0    Dex: 14    Spells: 0/6 levels left

rFire    . . .     SeeInvis .   g - +1 spear
rCold    . . .     Faith    .   (no shield)
rNeg     . . .     Spirit   .   a - +0 robe
rPois    +         Reflect  .   (no helmet)
rElec    .         Harm     .   (no cloak)
rCorr    .         Rampage  .   (no gloves)
Will     .....                  (no boots)
Stlth    ++........             (no amulet)
HPRegen  0.08/turn              b - ring of poison resistance
MPRegen  0.10/turn              (no ring)

@: no status effects
A: (nimble swimmer 2), mertail
a: no special abilities


You were on level 3 of the Dungeon.
You visited 1 branch of the dungeon, and saw 3 of its levels.

You collected 65 gold pieces.

Inventory:

Hand Weapons
 g - a +1 spear (weapon)
Armour
 a - a +0 robe (worn)
Jewellery
 b - a ring of poison resistance (left hand)
Scrolls
 e - a scroll of identify {unknown}
Potions
 c - 2 potions of curing
 d - a potion of mutation {unknown}


   Skills:
 + Level 0.8 Polearms
 + Level 3.6 Dodging
 - Level 2.1 Stealth
 - Level 2.0 Spellcasting
 + Level 5.0 Summonings


You couldn't memorise any spells.
You knew the following spells:

 Your Spells              Type           Power      Damage    Failure   Level
a - Summon Small Mammal   Summ           64%        N/A       2%          1
b - Call Imp              Summ           16%        N/A       4%          2
c - Call Canine Familiar  Summ           16%        N/A       9%          3

Your spell library contained the following spells:

 Spells                   Type           Power      Damage    Failure   Level
 Summon Guardian Golem    Hex/Summ       9%         N/A       24%         3
 Summon Lightning Spire   Summ/Air       9%         N/A       61%         4


Dungeon Overview and Level Annotations

Branches:
Dungeon (3/15)

Altars:


Innate Abilities, Weirdness & Mutations

((You are quick and stealthy near water. (Stealth+, EV+, Speed+++)))
Your lower body shifts to a powerful aquatic tail in water.


Message History

You hit the hobgoblin but do no damage.
The hobgoblin is almost dead.
The hobgoblin hits you.
You hit the hobgoblin.
You kill the hobgoblin!
No target in view!
There is a stone staircase leading up here.
Done exploring.
Done exploring.
(D) Dungeon
Where to? (Enter - D:2, ? - help)
There is a stone staircase leading down here.
You climb downwards.
There is a stone staircase leading up here.
Found a dagger.
An orc comes into view. It is wielding a +0 flail.
An orc is nearby!
An orc is nearby!
An orc and an orc priest come into view.
The orc shouts! x2
You reach to attack!
You hit the orc but do no damage. The orc hits you with a +0 flail.
You hit the orc.
The orc is moderately wounded.
The orc hits you with a +0 flail!
Unknown command.
It was a potion of curing.
You feel better. The orc completely misses you.
The orc hits you with a +0 flail.
You barely miss the orc priest. The orc priest closely misses you.
The orc barely misses you. The orc closely misses you.
You barely miss the orc priest. The orc priest closely misses you.
The orc completely misses you. The orc hits you with a +0 flail!
Unknown command.
Okay, then.
You hit the orc priest.
The orc priest is lightly wounded.
The orc priest barely misses you. The orc hits you with a +0 flail.
* * * LOW HITPOINT WARNING * * *
The orc hits you with a +0 flail!
You die...

#.# #.# #.#
#.# #.#
#.########.#
#...)oo....##
#....@o......
#.###########
#.# #.# #.#
#.#
########..
#.#
#.<.......
#.#
#.######.#
#.# #.#


You could see an orc priest and 2 orcs.

Vanquished Creatures
  2 ball pythons (D:1)
  3 endoplasms
  3 giant cockroaches
  3 goblins
  3 hobgoblins
  A jackal (D:1)
  3 kobolds
  4 bats
  3 frilled lizards
  A rat (D:1)
26 creatures vanquished.

Vanquished Creatures (collateral kills)
  An adder (D:2)
  A dart slug (D:1)
  2 ball pythons (D:1)
  2 endoplasms (D:1)
  2 giant cockroaches (D:1)
  2 goblins (D:1)
  3 hobgoblins (D:1)
  5 jackals (D:1)
  A quokka (D:1)
  A bat (D:1)
  A frilled lizard (D:1)
  2 kobolds (D:1)
23 creatures vanquished.

Grand Total: 49 creatures vanquished

Notes
Turn   | Place    | Note
-------+----------+-------------------------------------------
     0 | D:1      | zeram the Merfolk Summoner began the quest for the Orb.
     0 | D:1      | Reached XP level 1. HP: 13/13 MP: 3/3
   511 | D:1      | Reached XP level 2. HP: 10/19 MP: 1/5
   987 | D:1      | Learned a level 2 spell: Call Imp
  1402 | D:1      | Found a faded altar of an unknown god.
  1430 | D:1      | Reached XP level 3. HP: 23/24 MP: 3/6
  1488 | D:1      | Learned a level 3 spell: Call Canine Familiar
  2422 | D:2      | Reached skill level 5 in Summonings
  2911 | D:3      | Slain by an orc

Illustrated notes

Levels and vault maps discovered:
D:1:      giann_wishing_wells, layout_basic, shapermc_ecumenical_altar_venn
D:2:      layout_rooms
D:3:      layout_loops_ring, fiery_altar_vehumet, saegor_snake_ambush,
          uniq_grinder

Skill      XL: |  1  2  3 |
---------------+----------+-----
Dodging        | 3 |  3.6
Summonings     | 5 |  5.0
Polearms       | |  0.8
Stealth        | |  2.1
Spellcasting   | |  2.0

Action                   || total
-------------------------++-------
Melee: Dagger            ||    59
       Unarmed           ||    11
       Spear             ||    87
 Cast: Summon Small Mamm ||    15
       Call Imp          ||     7
  Use: Scroll            ||     3
       Potion            ||     1
 Stab: Sleeping          ||     4
Armor: Robe              ||    29
Dodge: Dodged            ||   138
